 Dungeon Crawl Stone Soup version 0.17.1-3-g152610e (webtiles) character file.

79 Invaser777 the Covered (level 4, -2/35 HPs)
             Began as a Human Fighter on Apr 21, 2016.
             Slain by a river rat (8 damage)
             ... on level 4 of the Dungeon.
             The game lasted 00:17:40 (2164 turns).

Invaser777 the Covered (Human Fighter)              Turns: 2164, Time: 00:17:42

Health: -2/35      AC:  6    Str: 17    XL:     4   Next: 62%
Magic:  6/6        EV:  7    Int:  9    God:
Gold:   138        SH:  9    Dex: 12    Spells: 0 memorised, 6 levels left

rFire  . . .     SeeInvis .     a - +0 long sword
rCold  . . .     Clarity  .     b - +0 scale mail
rNeg   . . .     SustAt   .     c - +0 shield
rPois  .         Gourm    .     (no helmet)
rElec  .         Spirit   .     (no cloak)
rCorr  .         Warding  .     (no gloves)
rMut   .         Stasis   .     (no boots)
MR     .....                    (no amulet)
Stlth  ..........               (no ring)
                                (no ring)

@: not resistant to hostile enchantments, extremely unstealthy
A: no striking features
a: no special abilities


You were on level 4 of the Dungeon.
You were not hungry.

You visited 1 branch of the dungeon, and saw 4 of its levels.

You collected 138 gold pieces.

Inventory:

Hand Weapons
 a - a +0 long sword (weapon)
 s - a +0 dagger of venom
Missiles
 h - 22 sling bullets
 i - 21 bolts
 o - 18 bolts of frost
Armour
 b - a +0 scale mail (worn)
 c - a +0 shield (worn)
 d - a +0 leather armour
 j - a +0 ring mail
 k - a +0 robe
Wands
 q - a wand of polymorph (4)
Scrolls
 p - a scroll of enchant weapon {unknown}
 t - a scroll of teleportation
Potions
 m - a potion of cure mutation {unknown}
 n - a potion of lignification
Comestibles
 e - 2 bread rations
 f - 3 fruits
 g - 5 chunks of flesh
 l - a beef jerky
 r - a royal jelly


   Skills:
 - Level 3.2 Fighting
 - Level 2.1 Long Blades
 - Level 3.3 Armour
 + Level 1.7 Dodging
 + Level 0.2 Stealth
 - Level 3.2 Shields
 * Level 1.7 Spellcasting


You had 6 spell levels left.
You didn't know any spells.

Dungeon Overview and Level Annotations

Branches:
Dungeon (4/15)
 Temple: D:4-7

Altars:
Ashenzari

Portals:
Sewer: D:4


Message History

Your shield prevents you from hitting the river rat.
You block the river rat's attack. The river rat bites you.
You hit the river rat but do no damage. The river rat closely misses you.
You block the rat's attack. The river rat bites you.
* * * LOW HITPOINT WARNING * * *
You hit the river rat.
The river rat is heavily wounded.
The river rat bites you.
* * * LOW HITPOINT WARNING * * *
The rat bites you but does no damage. You block the river rat's attack.
The river rat barely misses you.
You closely miss the river rat.
The river rat is heavily wounded.
You block the giant cockroach's attack. The rat bites you.
* * * LOW HITPOINT WARNING * * *
You block the river rat's attack.
The giant cockroach bites you but does no damage.
The river rat bites you!
You die... #..#.# ....<# ......
P♣P ...#.######.........
PP.

#........##...#....#.PP
#.##...............#.#
.......#.##...#......
#>##...#.##...#.#..#
#.##...#.##...#.#s.######
#..............r@r......#
................#r.....≈≈
#####..#.####.#.#.....≈≈≈
#.........#.#.....≈≈≈
##.#........#..#.≈≈≈≈
#.##########..#≈≈≈≈∩ ###
#... #### #.##


You could see 2 river rats, a giant cockroach and a rat.

Vanquished Creatures
  2 adders
  A giant eyeball (D:4)
  A worm (D:3)
  2 giant geckos
  A ball python (D:1)
  3 bats
  7 goblins (D:1)
  9 hobgoblins
  A quokka (D:3)
  8 giant cockroaches
  2 giant newts
  4 jackals (D:1)
  2 kobolds (D:1)
  6 rats
49 creatures vanquished.

Notes
Turn   | Place    | Note
--------------------------------------------------------------
     0 | D:1      | Invaser777 the Human Fighter began the quest for the Orb.
     0 | D:1      | Reached XP level 1. HP: 18/18 MP: 1/1
   268 | D:1      | Reached XP level 2. HP: 18/24 MP: 2/2
   537 | D:1      | Reached XP level 3. HP: 10/29 MP: 3/3
  1339 | D:2      | Found a shattered altar of Ashenzari.
  1344 | D:2      | Reached skill level 1 in Dodging
  1344 | D:2      | Reached skill level 1 in Spellcasting
  1616 | D:2      | Reached XP level 4. HP: 33/35 MP: 4/6
  2099 | D:4      | Paralysed by a giant eyeball for 3 turns
  2109 | D:4      | Paralysed by a giant eyeball for 2 turns
  2156 | D:4      | Found a glowing drain.
  2164 | D:4      | Slain by a river rat

Action                   |  1- 3 |  4- 6 || total
-------------------------+-------+-------++-------
Melee: Long sword        |   111 |    91 ||   202
Evoke: Wand              |     2 |     1 ||     3
  Use: Potion            |     1 |     2 ||     3
       Scroll            |     1 |     1 ||     2
  Eat: Fruit             |     1 |       ||     1
       Chunk             |     1 |     3 ||     4
